 Dungeon Crawl Stone Soup version 0.20-a0-983-g35de22d (webtiles) character file.

49 Rrauwl the Stinger (level 3, -1/26 HPs)
             Began as a Bultungin Venom Mage on Apr 10, 2017.
             Slain by an orc
             ... wielding a +0 flail of draining
              (9 damage)
             ... on level 2 of the Dungeon.
             The game lasted 00:09:37 (1370 turns).

Rrauwl the Stinger (Bultungin Venom Mage)           Turns: 1370, Time: 00:09:38

Health: -1/26      AC:  3    Str:  8    XL:     3   Next: 77%
Magic:  7/7        EV: 13    Int: 15    God:
Gold:   69         SH:  0    Dex: 14    Spells: 4/8 levels left

rFire    . . .     SeeInvis +   d - +0 whip
rCold    . . .     Gourm    .   (no shield)
rNeg     . . .     Faith    .   a - +0 robe
rPois    .         Spirit   .   (no helmet)
rElec    .         Reflect  .   (no cloak)
rCorr    .         Harm     .   (no gloves)
MR       .....                  i - +0 pair of boots
Stlth    ++........             (no amulet)
Regen    0.1/turn               (no ring)
MPRegen  0.1/turn               (no ring)

@: drained
A: short attention span, fangs 1, see invisible, strong nose
a: no special abilities


You were on level 2 of the Dungeon.
You were not hungry.

You visited 1 branch of the dungeon, and saw 3 of its levels.

You collected 69 gold pieces.

Inventory:

Hand Weapons
 d - a +0 whip (weapon)
Armour
 a - a +0 robe (worn)
 i - a +0 pair of boots (worn)
Scrolls
 g - a scroll of identify
 h - a scroll of blinking
 j - 2 scrolls of remove curse
 m - a scroll of teleportation
Potions
 e - a potion of lignification
 k - a potion of magic {unknown}
 n - 2 potions of curing {unknown}
Books
 b - a Young Poisoner's Handbook

   Spells                             Type                      Level
   a - Sting                          Conjuration/Poison           1
   b - Poisonous Vapours              Poison/Air                   2
   c - Mephitic Cloud                 Conjuration/Poison/Air       3
   d - Olgreb's Toxic Radiance        Poison                       4
   e - Venom Bolt                     Conjuration/Poison           5
Comestibles
 c - a bread ration
 f - 5 chunks of flesh


   Skills:
 + Level 1.5(1.2) Fighting
 + Level 1.9(1.6) Armour
 + Level 3.7(3.3) Dodging
 + Level 2.9(2.6) Stealth
 + Level 3.3(3.0) Spellcasting
 + Level 2.4(2.1) Conjurations
 + Level 0.4(0.1) Air Magic
 + Level 4.8(4.5) Poison Magic


You had 4 spell levels left.
You knew the following spells:

 Your Spells              Type           Power        Failure   Level  Hunger
a - Sting                 Conj/Pois      ##..         6%          1    #......
b - Mephitic Cloud        Conj/Pois/Air  #.......     24%         3    ###....


Dungeon Overview and Level Annotations

Branches:
Dungeon (3/15)

Altars:


Innate Abilities, Weirdness & Mutations

You have a short attention span.
You have very sharp teeth.
You have supernaturally acute eyesight. (SInv)
Your uncanny sense of smell can sniff out nearby items.


Message History

The helpless orc fails to defend itself.
You hit the orc.
The orc is lightly wounded.
The orc shouts!
The orc wizard shouts! x2
The orc wizard casts a spell.
The orc wizard flickers and vanishes for a moment.
The orc hits you.
There is a stone staircase leading up here.
You climb upwards.
There is a stone staircase leading down here.
You climb downwards.
The orc hits you.
There is a stone staircase leading up here.
The orc hits you with a flail of draining!
You feel drained. The orc hits you.
* * * LOW HITPOINT WARNING * * *
You climb upwards.
There is a stone staircase leading down here.
The orc closely misses you.
The orc hits you with a flail of draining!
You die...

############ ##..........##
##........)...## #...>..........#
#..............# #..............#
#..............# #############
#.oo...........# .#..........#
##@...........## .#..(.......#
#....>......##
.#..........####.#####.#####
..............#..#####.##########
.#..........#..........##.......#
.#..........#..........##.......#
.#.>........#...........#.......#
.############...........#<......#
.# #...........#.......#


You could see 2 orcs.

Vanquished Creatures
  2 worms (D:2)
  2 dart slugs (D:1)
  A leopard gecko (D:1)
  2 giant cockroaches
  6 hobgoblins
  6 kobolds (D:1)
  8 bats
  5 frilled lizards
  3 goblins
  5 rats
40 creatures vanquished.

Notes
Turn   | Place    | Note
-------+----------+-------------------------------------------
     0 | D:1      | Rrauwl the Bultungin Venom Mage began the quest for the Orb.
     0 | D:1      | Reached XP level 1. HP: 13/13 MP: 4/4
   158 | D:1      | Reached skill level 1 in Armour
   168 | D:1      | Reached XP level 2. HP: 20/20 MP: 0/6
   377 | D:1      | Reached skill level 1 in Fighting
   506 | D:1      | Reached XP level 3. HP: 23/26 MP: 0/7
   865 | D:2      | Learned a level 3 spell: Mephitic Cloud
  1370 | D:2      | Slain by an orc

Vault maps used:
D:1:      eino_arrival_cavern_b, st_stairs_10, minmay_box_of_dots
D:2:      minmay_diamond_boxcup
D:3:      first_bread

Skill      XL: |  1  2 |
---------------+-------+-----
Armour         | 1 |  1.9
Fighting       | 1 |  1.5
Conjurations   | 2 |  2.4
Dodging        | |  3.7
Stealth        | |  2.9
Spellcasting   | |  3.3
Air Magic      | |  0.4
Poison Magic   | |  4.8

Action                   || total
-------------------------++-------
Melee: Unarmed           ||     2
       Whip              ||    75
       Bite              ||     5
 Cast: Sting             ||    44
  Use: Potion            ||     2
       Scroll            ||     5
 Stab: Sleeping          ||     7
  Eat: Chunk             ||     1
Armor: Robe              ||    18
Dodge: Dodged            ||    65
